 Dungeon Crawl Stone Soup version 0.29-a0-241-g20d21d4356 (webtiles) character file.

Game seed: 13517574084014033342

19 Ordine the Cudgeller (level 2, -20/17 HPs)
             Began as a Tengu Warper on Mar 4, 2022.
             Killed by an exploding jackal (27 damage)
             ... ignited by their inner flame
             ... on level 2 of the Dungeon.
             The game lasted 00:01:45 (993 turns).

Ordine the Cudgeller (Tengu Warper)                  Turns: 993, Time: 00:01:46

Health: -20/17     AC:  3    Str: 11    XL:     2   Next: 75%
Magic:  6/6        EV: 11    Int: 13    God:
Gold:   73         SH:  0    Dex: 13    Spells: 5/5 levels left

rFire   . . .      SeeInvis .   a - +0 mace
rCold   . . .      Faith    .   (no shield)
rNeg    . . .      Spirit   .   b - +0 leather armour
rPois   .          Reflect  .   (helmet restricted)
rElec   .          Harm     .   (no cloak)
rCorr   .          Rampage  .   (no gloves)
Will    .....                   (boots unavailable)
Stlth   +.........              (no amulet)
HPRegen 0.05/turn               (no ring)
MPRegen 0.10/turn               (no ring)

@: no status effects
A: beak, talons 3
a: no special abilities


You were on level 2 of the Dungeon.
You visited 1 branch of the dungeon, and saw 2 of its levels.

You collected 73 gold pieces.

Inventory:

Hand Weapons
 a - a +0 mace (weapon)
Missiles
 d - 5 boomerangs of dispersal
Armour
 b - a +0 leather armour (worn)
Scrolls
 c - a scroll of blinking
 f - a scroll of identify {unknown}


   Skills:
 + Level 2.3 Fighting
 * Level 3.0 Maces & Flails
 + Level 1.4 Throwing
 - Level 1.1 Armour
 - Level 2.1 Dodging
 - Level 2.0 Spellcasting
 - Level 2.4 Translocations


You had 5 spell levels left.
You didn't know any spells.
Your spell library contained the following spells:

 Spells                   Type           Power      Damage    Failure   Level
 Blink                    Tloc           14%        N/A       19%         2
 Gell's Gravitas          Tloc           7%         N/A       36%         3
 Lesser Beckoning         Tloc           7%         N/A       36%         3
 Teleport Other           Tloc           7%         N/A       36%         3
 Tukima's Dance           Hex            1%         N/A       69%         3
 Anguish                  Hex/Necr       0%         N/A       97%         4
 Manifold Assault         Tloc           7%         N/A       98%         5
 Enfeeble                 Hex            0%         N/A       100%        7


Dungeon Overview and Level Annotations

Branches:
Dungeon (2/15)

Altars:
Xom


Innate Abilities, Weirdness & Mutations

You have a beak for a mouth.
You have claws for feet.


Message History

The hobgoblin is heavily wounded.
A jackal comes into view.
The hobgoblin misses you.
You barely miss the hobgoblin.
The jackal barks!
You claw the hobgoblin, but do no damage.
The hobgoblin is heavily wounded.
The hobgoblin hits you. The quokka completely misses you.
The hobgoblin hits you but does no damage.
You hit the hobgoblin but do no damage.
The hobgoblin is heavily wounded.
The quokka bites you but does no damage.
A dart slug comes into view.
The hobgoblin hits you but does no damage.
The quokka bites you.
The hobgoblin hits you but does no damage.
A dart slug comes into view.
The jackal bites you but does no damage.
An endoplasm comes into view.
Found a shimmering altar of Xom.
The endoplasm quivers.
The jackal bites you but does no damage.
The dart slug bites you. The jackal closely misses you.
The jackal closely misses you. The jackal bites you. x3
The jackal bites you.
You aren't carrying any potions.
As you read the scroll labelled FUWIEVV QABBE, it crumbles to dust.
The creatures around you are filled with an inner flame!
It was a scroll of immolation.
The jackal barely misses you.
You hit the jackal.
Flame seeps out of the jackal.
Your kick misses the jackal.
The jackal is severely wounded.
The jackal is engulfed in blazing flames.
The jackal explodes!
The fiery explosion engulfs the quokka!!
The fiery explosion engulfs the jackal!!
The fiery explosion engulfs you!!
Ouch! That really hurt!
You die...

##....g.#..#.......#
........#....w...#.#
........#..#..#..# #
....<........w..g#
$..#..#)#........#
..............#.J#
........#..####§§#
...#.......# ##○#
...........# #@#
##+#.......# ###
.....?#.#


You could see 2 dart slugs, an endoplasm (inner flame) and a hobgoblin (inner
flame).

Vanquished Creatures
  3 dart slugs (D:1)
  A hobgoblin (D:1)
  2 jackals (D:2)
  2 kobolds
  A quokka (D:2)
  2 ball pythons (D:1)
  2 bats (D:1)
  2 frilled lizards (D:1)
  2 rats (D:1)
17 creatures vanquished.

Notes
Turn   | Place    | Note
-------+----------+-------------------------------------------
     0 | D:1      | Ordine the Tengu Warper began the quest for the Orb.
     0 | D:1      | Reached XP level 1. HP: 12/12 MP: 4/4
   167 | D:1      | Reached XP level 2. HP: 12/17 MP: 6/6
   289 | D:1      | Found a faded altar of an unknown god.
   289 | D:1      | Noticed a hellwing
   970 | D:2      | Reached skill level 3 in Maces & Flails
   978 | D:2      | Found a shimmering altar of Xom.
   993 | D:2      | Killed by an exploding jackal... ignited by their inner
                  | flame

Illustrated notes

Levels and vault maps discovered:
D:1:      dpeg_arrival_boxorama, layout_rooms, serial_curves, eino_curves_02,
          eino_curves_03, dreamdust_ecumenical_altar_sealed_demon,
          hangedman_decor_clover_reticule, grunt_decor_mini_mirrors,
          nicolae_concentric_dashed_squares_mild
D:2:      layout_basic, basic_altar, minmay_misc_feat_ornament,
          uniq_crazy_yiuf_cottage

Skill      XL: |  1  2 |
---------------+-------+-----
Maces & Flails | 3 |  3.0
Fighting       | |  2.3
Throwing       | |  1.4
Armour         | |  1.1
Dodging        | |  2.1
Spellcasting   | |  2.0
Translocations | |  2.4

Action                   || total
-------------------------++-------
Melee: Mace              ||    35
       Kick              ||     9
       Peck              ||     5
  Use: Scroll            ||     1
Armor: Leather armour    ||    14
Dodge: Dodged            ||    26

Table legend: (Time is in decaauts)
 A = Elapsed time spent in this place.
 B = Non-inter-level travel time spent in this place.
 C = Inter-level travel time spent in this place.
 D = Time resting spent in this place.
 E = Time spent auto-exploring this place.
 F = Levels seen in this place.
 G = Mean time per level.
                   A        B        C        D        E       F      G
               +--------+--------+--------+--------+--------+-----+--------+
         Total |   1002 |    981 |     21 |      0 |    854 |   2 |  501.0 |
       Dungeon |   1002 |    981 |     21 |      0 |    854 |   2 |  501.0 |
               +--------+--------+--------+--------+--------+-----+--------+

Top non-repeatable levels by time:
     D:1: 971 daAuts
     D:2: 30 daAuts
